 Dungeon Crawl Stone Soup version 0.27-a0-679-g77a6b55cf3 (webtiles) character file.

Game seed: 1289700495373686270

1654 BattleRest the Skirmisher (level 8, 0/71 HPs)
             Began as a Pale Draconian Fighter on Mar 18, 2021.
             Was an Initiate of the Shining One.
             Shot with a sling bullet by Joseph (7 damage)
             ... on level 7 of the Dungeon.
             The game lasted 00:23:04 (8480 turns).

BattleRest the Skirmisher (Pale Draconian Fighter)  Turns: 8480, Time: 00:23:05

Health: 0/71       AC:  8    Str: 22    XL:     8   Next: 68%
Magic:  8/8        EV: 11    Int:  8    God:    the Shining One [......]
Gold:   307        SH: 11    Dex: 10    Spells: 7/7 levels left

rFire    . . .     SeeInvis +   q - +3 spear (protect)
rCold    . . .     Faith    .   b - +1 kite shield
rNeg     . . .     Spirit   .   (armour unavailable)
rPois    .         Reflect  .   (helmet restricted)
rElec    +         Harm     .   (no cloak)
rCorr    .         Rampage  .   (no gloves)
Will     .....     Rnd*Tele +   r - +1 pair of boots
Stlth    +.........             (no amulet)
HPRegen  0.21/turn              g - ring of wizardry
MPRegen  0.11/turn              n - ring of see invisible

@: berserk cooldown, slowed, glowing, very slow
A: breathe steam, AC +6, unfitting armour, cold-blooded, steam resistance,
hooves 1, deterioration 1, electricity resistance, teleportitis 1
a: Breathe Steam, Renounce Religion


You were on level 7 of the Dungeon.
You worshipped the Shining One.
The Shining One was noncommittal.
You visited 2 branches of the dungeon, and saw 8 of its levels.

You collected 307 gold pieces.

Inventory:

Hand Weapons
 a - a +0 flail
 q - a +3 spear of protection (weapon)
Armour
 b - a +1 kite shield (worn)
 r - a +1 pair of boots (worn)
Jewellery
 g - a ring of wizardry (right hand)
 k - a +4 ring of protection
 l - a ring of wizardry
 n - a ring of see invisible (left hand)
 t - a +6 ring of strength
Scrolls
 d - 2 scrolls of teleportation
 p - a scroll of holy word
 s - a scroll of summoning {unknown}
 u - 2 scrolls of enchant armour
 v - a scroll of fear
 w - a scroll of amnesia
Potions
 c - a potion of ambrosia
 e - 2 potions of magic
 h - a potion of curing
 i - 3 potions of flight
 j - a potion of mutation
 m - a potion of berserk rage
 o - a potion of heal wounds {unknown}


   Skills:
 + Level 6.9 Fighting
 - Level 3.2 Maces & Flails
 + Level 4.6 Polearms
 + Level 5.7 Dodging
 + Level 6.3 Shields


You had 7 spell levels left.
You didn't know any spells.
Your spell library contained the following spells:

 Spells                   Type           Power      Damage    Failure   Level
 Apportation              Tloc           0%         N/A       45%         1
 Beastly Appendage        Tmut           0%         N/A       45%         1
 Freeze                   Ice            0%         1d3       45%         1
 Magic Dart               Conj           0%         1d3       45%         1
 Pain                     Necr           0%         1d4       45%         1
 Sting                    Tmut/Pois      0%         1d3       45%         1
 Summon Small Mammal      Summ           0%         N/A       45%         1
 Blink                    Tloc           N/A        N/A       58%         2
 Call Imp                 Summ           0%         N/A       58%         2
 Slow                     Hex            0%         N/A       58%         2
 Wereblood                Tmut           0%         N/A       58%         2
 Conjure Flame            Conj/Fire      0%         6-21      82%         3
 Frozen Ramparts          Ice            0%         1d2       82%         3
 Mephitic Cloud           Conj/Pois/Air  0%         N/A       82%         3
 Ozocubu's Armour         Ice            0%         N/A       82%         3
 Spider Form              Tmut/Pois      0%         N/A       82%         3
 Hailstorm                Conj/Ice       0%         3d3       99%         4
 Ice Form                 Ice/Tmut       0%         N/A       99%         4
 Summon Ice Beast         Ice/Summ       0%         N/A       99%         4
 Blade Hands              Tmut           0%         N/A       100%        5


Dungeon Overview and Level Annotations

Branches:
Dungeon (7/15)             Temple (1/1) D:6

Altars:
Cheibriados
Dithmenos
Elyvilon
Fedhas
Gozag
Hepliaklqana
Kikubaaqudgha
Makhleb
Okawaru
Qazlal
Ru
Sif Muna
Uskayaw
Vehumet
Xom
Zin
The Shining One

Shops:
D:1 [   D:3 (

Annotations:
D:7 Joseph


Innate Abilities, Weirdness & Mutations

You can breathe blasts of scalding, opaque steam.
Your pale cyan-grey scales are hard. (AC +6)
You cannot fit into any form of body armour.
You are cold-blooded and may be slowed by cold attacks.
You are immune to the effects of steam.
You have large cloven feet.
Your body sometimes deteriorates upon taking damage.
You are resistant to electric shocks. (rElec)
You are occasionally teleported next to monsters.


Message History

Joseph unwields a +0 quarterstaff.
Joseph wields a +0 hunting sling.
Joseph shoots a sling bullet.
You block the sling bullet.
Joseph shoots a sling bullet.
You block the sling bullet.
There is a stone staircase leading up, spattered with blood here.
You climb upwards.
There is a stone staircase leading down here.
You start resting.
HP restored.
You climb downwards.
Level annotation: Joseph
There is a stone staircase leading up, spattered with blood here.
A red film seems to cover your vision as you go berserk!
You feel yourself moving faster!
You feel mighty!
You feel a strong urge to attack something.
Joseph shoots a sling bullet.
The sling bullet hits you!!
Joseph shoots a sling bullet.
You block the sling bullet.
You feel your anger nearly subside.
You are no longer berserk.
You are exhausted.
You feel yourself slow down.
Joseph says, "Drop everything you've found here and return home."
Joseph shoots a sling bullet.
The sling bullet hits you!
Joseph unwields a +0 hunting sling.
Joseph wields a +0 quarterstaff.
Joseph completely misses you.
You hit Joseph.
Your weapon exudes an aura of protection.
Joseph is lightly wounded.
You block Joseph's attack. Joseph hits you with a +0 quarterstaff!
You hit Joseph.
Joseph is lightly wounded.
Joseph hits you with a +0 quarterstaff!
* * * LOW HITPOINT WARNING * * *
You closely miss Joseph.
Joseph is lightly wounded.
Joseph hits you but does no damage. Joseph hits you with a +0 quarterstaff!
* * * LOW HITPOINT WARNING * * *
Joseph unwields a +0 quarterstaff.
Joseph wields a +0 hunting sling.
Joseph shoots a sling bullet.
You block the sling bullet.
Joseph shoots a sling bullet.
The sling bullet hits you!
You die...

.. #..##############
#.................
##.................
##..................
.............@......
....................
....................
..........@.........
##+....'...########+
+................
#......<.........
#..............##
#..............#
#..#.##....#.....
###.# ####.#..... ##
##.....


You could see Joseph.

Vanquished Creatures
  Grinder (D:5)
  An orc warrior (D:6)
  2 black bears (D:6)
  An ice beast (D:5)
  2 ogres
  2 centaurs (D:6)
  A kobold brigand (D:6)
  A scorpion (D:4)
  A bullfrog zombie (D:7)
  A jelly (D:6)
  A bullfrog skeleton (D:4)
  2 hounds (D:4)
  2 orc priests
  Terence (D:2)
  2 orc wizards
  4 worker ants
  A hound skeleton (D:4)
  4 gnolls
  7 adders
  2 ufetubi
  2 worms
  3 dart slugs
  6 leopard geckos
  16 orcs
  A ball python (D:4)
  6 bats
  5 giant cockroaches
  7 hobgoblins
  7 jackals
  3 quokkas
  6 frilled lizards
  A giant cockroach zombie (D:6)
  12 goblins
  A jackal skeleton (D:4)
  13 kobolds
  2 quokka skeletons (D:4)
  12 rats
142 creatures vanquished.

Notes
Turn   | Place    | Note
-------+----------+-------------------------------------------
     0 | D:1      | BattleRest the Draconian Fighter began the quest for the
                  | Orb.
     0 | D:1      | Reached XP level 1. HP: 19/19 MP: 1/1
   188 | D:1      | You fall into a shaft and drop 1 floor!
   209 | D:2      | Reached XP level 2. HP: 21/26 MP: 2/2
   346 | D:2      | Noticed Terence
   353 | D:2      | Killed Terence
   354 | D:2      | Reached XP level 3. HP: 17/33 MP: 3/3
   648 | D:2      | Reached XP level 4. HP: 36/40 MP: 4/4
  1131 | D:1      | Found Etirgh's Antique Armour Boutique.
  1722 | D:3      | Found Busm's Weapon Emporium.
  2109 | D:2      | HP: 1/40 [orc/+0 mace (7)]
  2515 | D:3      | Reached XP level 5. HP: 19/46 MP: 5/5
  4429 | D:4      | Reached skill level 1 in Polearms
  4429 | D:4      | Reached XP level 6. HP: 50/53 MP: 6/6
  4464 | D:4      | Found a hazy altar of Hepliaklqana.
  4669 | D:4      | Reached skill level 5 in Fighting
  5343 | D:4      | Your scales start taking on a pale cyan-grey colour.
  5343 | D:4      | Reached XP level 7. HP: 53/61 MP: 7/7
  5343 | D:4      | Gained mutation: You are immune to the effects of steam.
                  | [Pale Draconian growth]
  5477 | D:4      | Gained mutation: Your body sometimes deteriorates upon
                  | taking damage. [potion of mutation]
  5477 | D:4      | Gained mutation: You are occasionally teleported next to
                  | monsters. [potion of mutation]
  5477 | D:4      | Gained mutation: You have large cloven feet. [potion of
                  | mutation]
  5477 | D:4      | Gained mutation: You are resistant to electric shocks.
                  | (rElec) [potion of mutation]
  5680 | D:5      | Entered Level 5 of the Dungeon
  5758 | D:5      | Noticed Grinder
  5764 | D:5      | Paralysed by Grinder for 3 turns
  5777 | D:5      | Killed Grinder
  5778 | D:5      | Reached skill level 5 in Shields
  5931 | D:5      | Identified Spellcraft for Neophytes
  6308 | D:5      | Found a shimmering blue altar of Sif Muna.
  6730 | D:6      | Reached skill level 5 in Dodging
  6730 | D:6      | Reached XP level 8. HP: 58/70 MP: 8/8
  7084 | D:6      | Found a staircase to the Ecumenical Temple.
  7116 | Temple   | Entered the Ecumenical Temple
  7188 | Temple   | Became a worshipper of the Shining One
  7812 | D:7      | Noticed Joseph
  8480 | D:7      | Shot with a sling bullet by Joseph

Illustrated notes

Levels and vault maps discovered:
D:1:      onia_arrival_mini_spirals, layout_rooms, serial_shops, shop
D:2:      layout_basic, due_unseen_surprise, uniq_terence
D:3:      layout_loops_corners, serial_shops, shop, minivault_24, st_stairs_11
D:4:      layout_loops_ring, kennysheep_mini_moat
D:5:      layout_loops_ring, hangedman_abyss_or_decor_stabs, tgw_sif,
          uniq_grinder
D:6:      layout_rooms, minmay_temple_entry_offerings
D:7:      layout_gridville, gammafunk_temple_overflow_elements,
          gammafunk_temple_overflow_pools, gammafunk_ghost_smash, uniq_joseph,
          uniq_prince_ribbit1, uniq_menkaure
Temple:   eino_temple_rhombus

Skill      XL: |  1  2  3  4  5  6  7  8 |
---------------+-------------------------+-----
Dodging        | 3 4 5 |  5.7
Fighting       | 4 5 6 |  6.9
Maces & Flails | 3 |  3.2
Shields        | 4 5 6 |  6.3
Polearms       | 1 2 3 4 |  4.6

Action                   |  1- 3 |  4- 6 |  7- 9 || total
-------------------------+-------+-------+-------++-------
Melee: Flail             |    78 |   131 |       ||   209
       Tailslap          |    11 |    35 |    40 ||    86
       Spear             |       |   191 |   212 ||   403
       Kick              |       |       |    12 ||    12
 Abil: Breathe Steam     |       |       |     1 ||     1
  Use: Potion            |     1 |       |     2 ||     3
       Scroll            |       |    11 |     5 ||    16
Armor: Skin              |    18 |    75 |    69 ||   162
Dodge: Dodged            |    34 |   142 |   103 ||   279
Block: Kite shield       |    45 |   160 |   137 ||   342

Table legend: (Time is in decaauts)
 A = Elapsed time spent in this place.
 B = Non-inter-level travel time spent in this place.
 C = Inter-level travel time spent in this place.
 D = Time resting spent in this place.
 E = Time spent auto-exploring this place.
 F = Levels seen in this place.
 G = Mean time per level.
                   A        B        C        D        E       F      G
               +--------+--------+--------+--------+--------+-----+--------+
         Total |   8684 |   8382 |    302 |   3199 |   3473 |   8 | 1085.5 |
       Dungeon |   8596 |   8309 |    287 |   3199 |   3473 |   7 | 1228.0 |
        Temple |     88 |     73 |     15 |      0 |      0 |   1 |   88.0 |
               +--------+--------+--------+--------+--------+-----+--------+

Top non-repeatable levels by time:
     D:2: 2178 daAuts
     D:6: 1725 daAuts
     D:3: 1543 daAuts
     D:4: 1290 daAuts
     D:5: 959 daAuts
     D:1: 834 daAuts
  Temple: 88 daAuts
     D:7: 64 daAuts
